Map: Golden Wall LE

Players

Rogue

  • Race: Zerg Zerg
  • Spawn Location: 7:00

uwuThermal (uThermal) - Winner!

  • Race: Terran Terran
  • League: Master
  • Spawn Location: 5:00

Event: War Chest Team League

VOD

Have the link to the VOD?

Description

Time

  • Played on: Aug. 9, 2020, 9:44 a.m.
  • Length: 6:58

All games in this series

Show
View Real Time Build Order
Export as new Build Order

Rogue Zerg 

Build Orders: Hatch First 

Get SALT Encoding   

  12  0:00  Drone  
  13  0:12  Overlord  
  13  0:17  Drone  
  14  0:31  Drone x2  
  16  0:49  Hatchery  
  15  0:52  Drone  
  15  0:55  Drone  
  17  0:58  Drone  
  18  1:09  Extractor  
  17  1:14  Spawning Pool  
  17  1:17  Drone  
  17  1:20  Drone  
  18  1:29  Drone  
  19  1:39  Drone  
  20  1:50  Drone  
  21  2:00  Queen  
  21  2:01  Zergling x4, Queen  
  27  2:11  Overlord  
  27  2:14  Drone  
  27  2:15  Metabolic Boost  
  28  2:30  Hatchery  
  28  2:32  Drone  
  28  2:36  Drone  
  29  2:41  Drone  
  30  2:47  Queen  
  32  2:51  Overlord  
  32  2:56  Drone  
  32  2:57  Drone  
  34  3:02  Pneumatized Carapace  
  34  3:06  Drone  
  34  3:07  Drone  
  34  3:12  Drone  
  37  3:13  Drone  
  37  3:15  Drone  
  37  3:18  Drone x2  
  41  3:22  Overlord  
  41  3:28  Queen  
  41  3:31  Drone  
  44  3:44  Queen  
  44  3:45  Drone x2  
  44  3:47  Queen  
  50  3:50  Zergling x6  
  50  3:55  Drone x2  
  55  3:59  Drone x3  
  58  4:04  Overlord  
  58  4:10  Overlord  
  58  4:16  Evolution Chamber  
  57  4:20  Drone  
  57  4:22  Queen  
  57  4:23  Overlord  
  60  4:30  Zergling x2  
  60  4:31  Zergling x12  
  67  4:33  Drone  
  67  4:34  Drone  
  67  4:37  Drone x2  
  71  4:41  Zergling x4  
  71  4:42  Baneling Nest  
  71  4:45  Roach Warren  
  72  4:47  Zergling x4  
  72  4:49  Drone  
  74  4:56  Zergling x8  
  74  5:04  Zergling x4  
  65  5:07  Zergling x2, Queen  
  65  5:11  Queen  
  65  5:13  Zergling x4  
  66  5:17  Queen  
  66  5:18  Zergling x2  
  63  5:23  Zergling x4  
  63  5:27  Roach  
  63  5:32  Roach  
  63  5:34  Roach  
  65  5:38  Roach  
  65  5:41  Roach  
  66  5:43  Queen  
  66  5:44  Roach x2  
  66  5:46  Roach x2  
  66  5:47  Queen  
  66  5:48  Zergling x4  
  78  5:51  Roach  
  78  5:53  Roach  
  78  5:55  Roach  
  78  5:57  Roach  
  78  5:59  Roach  
  67  6:06  Roach  
  58  6:14  Drone x2  
  58  6:16  Drone  
  58  6:17  Drone  
  54  6:21  Drone  
  53  6:28  Drone  
  53  6:30  Drone  
  53  6:31  Drone  
  53  6:35  Drone x3  
  56  6:42  Drone x2  
  56  6:43  Drone  
Show
View Real Time Build Order
Export as new Build Order

uwuThermal Terran - Winner!

Build Orders:  

Get SALT Encoding   

  12  0:00  SCV  
  13  0:12  SCV  
  14  0:17  Supply Depot  
  14  0:24  SCV  
  15  0:39  SCV  
  15  0:40  Barracks  
  16  0:43  Refinery  
  16  0:51  SCV  
  17  1:03  SCV  
  18  1:15  SCV  
  19  1:27  Barracks Reactor, Orbital Command  
  19  1:41  Command Center  
  19  1:48  Supply Depot  
  19  1:53  SCV  
  20  2:03  Marine x2  
  20  2:06  SCV  
  23  2:12  Factory  
  23  2:18  SCV  
  23  2:21  Marine  
  23  2:22  Marine  
  26  2:30  SCV  
  26  2:31  Refinery  
  27  2:39  Marine  
  27  2:40  Marine  
  27  2:42  SCV  
  30  2:53  Orbital Command  
  30  2:54  SCV  
  30  2:57  Marine x2  
  33  3:02  Starport  
  33  3:06  SCV  
  33  3:07  Factory Reactor  
  34  3:15  Marine x2  
  34  3:17  Supply Depot  
  36  3:20  SCV  
  36  3:22  SCV  
  38  3:32  SCV  
  38  3:33  Marine x2  
  42  3:34  SCV  
  41  3:44  SCV  
  41  3:45  Supply Depot  
  42  3:49  Medivac  
  42  3:50  Medivac  
  42  3:51  Marine x2, Widow Mine  
  42  3:54  SCV  
  51  4:08  Command Center  
  51  4:13  Supply Depot  
  51  4:16  Fusion Core  
  51  4:17  SCV  
  51  4:19  SCV  
  51  4:24  Hellion  
  55  4:26  Hellion  
  57  4:31  SCV  
  57  4:33  SCV  
  57  4:35  Starport Tech Lab  
  59  4:43  SCV  
  59  4:45  Hellion  
  62  4:47  SCV  
  62  4:48  Hellion  
  65  4:55  SCV  
  66  5:00  SCV  
  66  5:06  Hellion  
  65  5:08  SCV  
  65  5:09  Hellion  
  65  5:14  SCV  
  68  5:20  SCV  
  68  5:26  Orbital Command  
  68  5:27  Battlecruiser, SCV  
  75  5:32  Hellion x2  
  75  5:33  SCV  
  80  5:43  SCV  
  80  5:44  Refinery x2  
  80  5:45  SCV  
  82  5:53  Hellion  
  82  5:56  SCV  
  81  6:03  Hellion  
  82  6:04  SCV  
  82  6:08  SCV  
  82  6:10  Factory  
  82  6:11  Factory  
  83  6:14  Hellion  
  83  6:16  SCV  
  80  6:21  SCV  
  80  6:24  Hellion  
  73  6:30  SCV  
  68  6:33  SCV  
  68  6:36  Hellion  
  75  6:42  SCV  
  75  6:45  SCV  
  79  6:55  Refinery  
  79  6:58  Refinery  
Tags
 
Add a new tag
Caveats
  • Supply blocks, unpowered buildings, or Contaminate may cause inaccurate times.
  • Supply counts are checked every 10 seconds.